 Dungeon Crawl Stone Soup version 0.30-a0-757-ga6a79fd877 (webtiles) character file.

Game seed: 616524379349851534

29 Hubris850 the Chopper (level 3, 0/31 HPs)
             Began as a Meteoran Cinder Acolyte on Feb 9, 2023.
             Was a High Priest of Ignis.
             Slain by an adder (1 damage)
             ... on level 3 of the Dungeon.
             The game lasted 00:02:17 (281 turns).

Hubris850 the Chopper (Meteoran Cinder Acolyte)      Turns: 281, Time: 00:02:18

Health: 0/31       AC:  3    Str: 15    XL:     3   Next: 52%
Magic:  7/7        EV: 11    Int: 17    God:    Ignis [*****.]
Gold:   33         SH:  0    Dex: 10    Spells: 6/6 levels left

rFire   + . .      SeeInvis .    a - -1 hand axe (flame)
rCold   . . .      Faith    .    (no shield)
rNeg    . . .      Spirit   .    b - +0 robe
rPois   .          Reflect  .    (no helmet)
rElec   .          Harm     .    (no cloak)
rCorr   .          Rampage  .    d - +0 pair of gloves
Will    .....                    (no boots)
Stlth   +                        (no amulet)
HPRegen 0.25/turn                (no ring)
MPRegen 0.10/turn                (no ring)

@: lethally poisoned (0 -> -6), flying, glowing
A: sense surroundings 1, otherworldly, glowing, explore regen
a: Renounce Religion, Fiery Armour, Foxfire Swarm, Rising Flame


You were on level 3 of the Dungeon.
You worshipped Ignis.
Ignis was extremely pleased with you.
You visited 1 branch of the dungeon, and saw 3 of its levels.

You collected 33 gold pieces.

Inventory:

Hand Weapons
 a - a -1 hand axe of flaming (weapon)
Missiles
 g - 2 javelins (quivered)
Armour
 b - a +0 robe (worn)
 d - a +0 pair of gloves (worn)
Scrolls
 e - a scroll of amnesia {unknown}
Potions
 c - a potion of invisibility {unknown}
 f - a potion of flight
 h - a potion of might {unknown}


   Skills:
 + Level 3.6 Fighting
 + Level 4.0 Axes
 + Level 0.2 Throwing
 + Level 2.1 Spellcasting
 + Level 4.0 Fire Magic


You had 6 spell levels left.
You didn't know any spells.
Your spell library contained the following spells:

 Spells                   Type           Power      Damage    Failure   Level
 Scorch                   Fire           30%        2d6       5%          2


Dungeon Overview and Level Annotations

Branches:
Dungeon (3/15) Zot: 1514

Altars:


Innate Abilities, Weirdness & Mutations

You passively map a small area around you.
You are easily found by Zot.
You glow in the dark.
You regain HP and MP as you explore.


Message History

The adder bites you.
You are poisoned.
The adder poisons you!
You hit the adder but do no damage.
The adder is lightly wounded.
You feel sick. The adder misses you. The adder bites you.
You miss the adder.
You feel sick. The adder bites you but does no damage.
You miss the adder.
You feel sick.
You are no longer poisoned.
The adder completely misses you.
You hit the adder but do no damage. The adder bites you.
You are poisoned.
The adder poisons you! The adder bites you.
You hit the adder. You burn the adder.
The adder is heavily wounded.
You feel sick. The adder bites you.
You are more poisoned.
The adder poisons you!
You hit the adder but do no damage.
The adder is heavily wounded.
You feel sick. The adder closely misses you. The adder bites you.
* * * LOW HITPOINT WARNING * * *
You are lethally poisoned!
The adder poisons you!
You closely miss the adder.
The adder is heavily wounded.
* * * LOW HITPOINT WARNING * * *
You feel very sick. The adder bites you but does no damage.
You hit the adder but do no damage.
The adder is heavily wounded.
* * * LOW HITPOINT WARNING * * *
You feel very sick. The adder barely misses you.
The adder bites you but does no damage.
It was a potion of flight.
You feel very buoyant.
You fly up into the air.
* * * LOW HITPOINT WARNING * * *
You feel sick. The adder bites you.
You die...

, , , , ...., , ,
* * ... # #.#
#####
#.#.###.....
+##.#†......# *
#...(....#.### *
* ,
#..#........?# .
#..+..S....:.# *
, *
#.#.*#.?.@.....#
*,
,.....#.........#
..<............#
######.........##
......#.#........
*
#####.#.#.#######
* #.#.#<.......
,, ,..#.#.####.##
* # #.#.. ,


You could see an adder.

Vanquished Creatures
  2 adders (D:2)
  A worm (D:3)
  A ball python (D:2)
  An endoplasm (D:2)
  2 hobgoblins
  A quokka (D:2)
8 creatures vanquished.

Notes
Turn   | Place    | Note
-------+----------+-------------------------------------------
     0 | D:1      | Hubris850 the Meteoran Cinder Acolyte began the quest for
                  | the Orb.
     0 | D:1      | Reached XP level 1. HP: 19/19 MP: 3/3
    28 | D:2      | Reached XP level 2. HP: 26/26 MP: 3/5
   175 | D:2      | Reached XP level 3. HP: 9/31 MP: 5/7
   281 | D:3      | HP: 1/31 [poisoned by an adder]
   281 | D:3      | Slain by an adder

Illustrated notes

Levels and vault maps discovered:
D:1:      dpeg_arrival_renting, layout_loops_ring, moated_statue
D:2:      layout_loops_ring, uniq_crazy_yiuf_cottage
D:3:      layout_basic, led_xom_imps, shapermc_ecumenical_altar_totnotflames,
          chequers_serial_rivers_large_a

Skill      XL: |  1  2 |
---------------+-------+-----
Axes           | 4 |  4.0
Spellcasting   | 2 |  2.1
Fire Magic     | 4 |  4.0
Fighting       | |  3.6
Throwing       | |  0.2

Action                     || total
---------------------------++-------
  Melee: Hand axe          ||    39
  Throw: Javelin           ||     1
 Invoke: Fiery Armour      ||     1
    Use: Potion            ||     1
 Armour: Robe              ||    10
  Dodge: Dodged            ||    18

Table legend: (Time is in decaauts)
 A = Elapsed time spent in this place.
 B = Non-inter-level travel time spent in this place.
 C = Inter-level travel time spent in this place.
 D = Time resting spent in this place.
 E = Time spent auto-exploring this place.
 F = Levels seen in this place.
 G = Mean time per level.
                   A        B        C        D        E       F      G
               +--------+--------+--------+--------+--------+-----+--------+
         Total |    284 |    284 |      0 |      0 |      0 |   3 |   94.7 |
       Dungeon |    284 |    284 |      0 |      0 |      0 |   3 |   94.7 |
               +--------+--------+--------+--------+--------+-----+--------+

Top non-repeatable levels by time:
     D:2: 221 daAuts
     D:3: 42 daAuts
     D:1: 21 daAuts
